 Dungeon Crawl Stone Soup version 0.21.0-3-g78d12a8 (console) character file.

7648 toffzen the Grappler (level 10, -3/100 HPs)
             Began as a Troll Transmuter on Jan 15, 2018.
             Was an Elder of Okawaru.
             Slain by a 12-headed hydra (10 damage)
             ... on level 1 of the Lair of Beasts on Jan 16, 2018.
             The game lasted 00:52:56 (8933 turns).

toffzen the Grappler (Troll Transmuter)             Turns: 8933, Time: 00:52:56

Health: -3/100     AC:  7    Str: 25    XL:     10   Next: 99%
Magic:  10/12      EV: 15    Int: 12    God:    Okawaru [****..]
Gold:   557        SH:  3    Dex: 10    Spells: 3/11 levels left

rFire    . . .     SeeInvis +     - Unarmed
rCold    . . .     Gourm    +   (no shield)
rNeg     + . .     Faith    .   k - +2 robe {rN+}
rPois    +         Spirit   .   (helmet restricted)
rElec    .         Reflect  +   (no cloak)
rCorr    .         Harm     .   (gloves unavailable)
MR       .....                  (boots unavailable)
Stlth    +++.......             e - +3 amulet of reflection
HPRegen  0.66/turn              b - ring of poison resistance
MPRegen  0.13/turn              F - ring of see invisible

@: mighty, heroism
A: large, unfitting armour, claws 3, fast metabolism 3, gourmand, regeneration
1, shaggy fur 1, tough skin 2
a: Heroism, Renounce Religion


You were on level 1 of the Lair of Beasts.
You worshipped Okawaru.
Okawaru was greatly pleased with you.
You were completely stuffed.

You visited 2 branches of the dungeon, and saw 10 of its levels.

You collected 557 gold pieces.

Inventory:

Hand Weapons
 y - a +1 hunting sling
 z - the +10 dagger "Igyelacem" {freeze, rF+ rC+ Str-4 Int+3, unknown}
   (You found it on level 9 of the Dungeon)

   It has been specially enchanted to freeze those struck by it, causing extra
   injury to most foes and up to half again as much damage against particularly
   susceptible opponents.
   It can also slow down cold-blooded creatures.
   It affects your strength (-4).
   It affects your intelligence (+3).
   It protects you from fire.
   It protects you from cold.
Missiles
 a - 235 arrows
 p - 4 large rocks (quivered)
 q - 244 stones
 r - 67 sling bullets
 s - 19 poisoned needles
Armour
 k - a +2 robe of positive energy (worn)
Jewellery
 b - a ring of poison resistance (left claw)
 e - a +3 amulet of reflection (around neck)
 F - a ring of see invisible (right claw)
Wands
 i - a wand of acid (9)
 t - a wand of disintegration (22)
Scrolls
 h - a scroll of fear
 w - 4 scrolls of teleportation
 D - 3 scrolls of enchant armour
 E - 3 scrolls of immolation
 G - a scroll of summoning {unknown}
 H - 2 scrolls of fog {unknown}
 I - a scroll of vulnerability {unknown}
 J - 2 scrolls of remove curse
Potions
 l - 3 potions of magic
 m - a potion of brilliance
 n - a potion of agility
 o - a potion of cancellation {unknown}
 v - a potion of haste
 x - 4 potions of curing
 A - 3 potions of mutation {unknown}
 C - a potion of ambrosia {unknown}
Books
 c - a book of Changes

   Spells                             Type                      Level
   a - Beastly Appendage              Transmutation                1
   b - Sticks to Snakes               Transmutation                2
   c - Spider Form                    Transmutation/Poison         3
   d - Ice Form                       Ice/Transmutation            4
   e - Blade Hands                    Transmutation                5
 f - a Young Poisoner's Handbook

   Spells                             Type                      Level
   a - Sting                          Conjuration/Poison           1
   b - Poisonous Vapours              Poison/Air                   2
   c - Mephitic Cloud                 Conjuration/Poison/Air       3
   d - Olgreb's Toxic Radiance        Poison                       4
   e - Venom Bolt                     Conjuration/Poison           5
Comestibles
 d - 20 rations
 g - 3 chunks of flesh


   Skills:
 + Level 6.8(11.8) Fighting
 + Level 6.5(11.5) Dodging
 + Level 11.1(16.1) Unarmed Combat
 - Level 1.2 Spellcasting
 + Level 3.3 Transmutations
 - Level 5.0 Invocations


You had 3 spell levels left.
You knew the following spells:

 Your Spells              Type           Power        Failure   Level  Hunger
a - Beastly Appendage     Tmut           #.....       8%          1    ##.....
b - Sticks to Snakes      Tmut           #.......     12%         2    ###....
c - Blade Hands           Tmut           #.........   91%         5    ######.


Dungeon Overview and Level Annotations

Branches:
Dungeon (9/15)             Temple (0/1) D:5            Lair (1/6) D:9
    Orc (0/2) D:9

Altars:
Cheibriados
Dithmenos
Elyvilon
Hepliaklqana
Makhleb
Okawaru
Ru
Sif Muna
Trog
The Shining One

Shops:
D:8 :*


Innate Abilities, Weirdness & Mutations

You are too large for most types of armour.
You have claws for hands.
Your metabolism is lightning-fast.
You like to eat raw meat.
Your natural rate of healing is unusually fast.
You are covered in fur. (AC +1)
You have very tough skin. (AC +2)


Message History

The 11-headed hydra bites you. The 11-headed hydra barely misses you.
The 11-headed hydra bites you but does no damage.
The 11-headed hydra closely misses you. The 11-headed hydra bites you!
The 11-headed hydra closely misses you.
The 11-headed hydra completely misses you. x2
The 11-headed hydra bites you.
* * * LOW HITPOINT WARNING * * *
The 11-headed hydra barely misses you.
You claw one of the 11-headed hydra's heads off!
The ten-headed hydra grows two more!
You scratch the 12-headed hydra.
The 12-headed hydra is severely wounded.
The 12-headed hydra completely misses you.
The 12-headed hydra bites you!
* * * LOW HITPOINT WARNING * * *
The 12-headed hydra bites you.
* * * LOW HITPOINT WARNING * * *
The 12-headed hydra closely misses you. The 12-headed hydra bites you.
* * * LOW HITPOINT WARNING * * *
The 12-headed hydra bites you!
You die...

P.... #####....
.?..#....
#.......#
..l.....#
........## #. #.
#..D..####.... ##.
#@..........##...
#..#.##.....#...##
##...## #.#......#
#.....###.+.......
###
#......#..#8.....8
##.##
#.#...#...........
###...###
#.#####.##.......#
####.......##
#.####P..#.......#
##..........##
#.#.#........#...#


You could see a 12-headed hydra and a komodo dragon.

Vanquished Creatures
  An elephant (D:9)
  3 torpor snails (Lair:1)
  A komodo dragon (Lair:1)
  A rime drake (Lair:1)
  4 blink frogs
  2 hippogriffs
  3 fire bats (Lair:1)
  A basilisk (D:9)
  4 water moccasins
  3 porcupines (Lair:1)
  2 orc warriors (D:9)
  2 black bears (D:9)
  2 phantoms
  6 ogres
  2 centaurs
  3 crocodiles
  2 big kobolds
  6 bullfrogs
  A scorpion (D:4)
  A water moccasin skeleton (D:8)
  6 killer bees
  4 crimson imps
  A centaur zombie (D:5)
  4 jellies
  5 hounds
  3 orc priests
  6 orc wizards
  A centaur skeleton (D:4)
  Terence (D:2)
  3 worker ants
  3 iguanas
  A hound zombie (D:6)
  4 worker ant zombies
  11 adders
  A river rat (D:3)
  2 shadow imps
  3 oozes
  2 adder zombies (D:9)
  6 worms
  A dart slug (D:3)
  8 leopard geckos
  53 orcs
  2 ball pythons
  6 bats
  8 giant cockroaches
  5 goblins
  4 hobgoblins
  12 jackals
  18 kobolds
  5 quokkas
  4 frilled lizards
  A leopard gecko skeleton (D:4)
  4 rats
248 creatures vanquished.

Notes
Turn   | Place    | Note
-------+----------+-------------------------------------------
     0 | D:1      | toffzen the Troll Transmuter began the quest for the Orb.
     0 | D:1      | Reached XP level 1. HP: 18/18 MP: 1/1
    27 | D:1      | Reached skill level 1 in Fighting
   223 | D:1      | Reached XP level 2. HP: 27/27 MP: 2/2
   953 | D:2      | Reached XP level 3. HP: 33/33 MP: 3/3
   957 | D:2      | Learned a level 2 spell: Sticks to Snakes
   989 | D:2      | Reached skill level 4 in Unarmed Combat
  1266 | D:2      | Noticed Terence
  1274 | D:2      | Killed Terence
  1274 | D:2      | Reached XP level 4. HP: 42/42 MP: 2/4
  1410 | D:2      | Found a deep blue altar of Sif Muna.
  1799 | D:3      | Reached skill level 5 in Unarmed Combat
  1817 | D:3      | Reached XP level 5. HP: 47/49 MP: 5/5
  2465 | D:4      | Noticed an ogre
  2596 | D:4      | Reached XP level 6. HP: 56/59 MP: 6/6
  2646 | D:4      | Found a bloodstained altar of Trog.
  2680 | D:4      | Reached skill level 6 in Unarmed Combat
  2933 | D:4      | Reached XP level 7. HP: 51/67 MP: 7/7
  3370 | D:5      | Entered Level 5 of the Dungeon
  3507 | D:5      | Found a burning altar of Makhleb.
  3509 | D:5      | Reached skill level 7 in Unarmed Combat
  3739 | D:5      | Found an iron altar of Okawaru.
  3747 | D:5      | Became a worshipper of Warmaster Okawaru
  4001 | D:5      | Found a staircase to the Ecumenical Temple.
  4423 | D:6      | Reached XP level 8. HP: 78/78 MP: 8/8
  4432 | D:6      | Found a glowing golden altar of the Shining One.
  4444 | D:6      | Reached skill level 1 in Invocations
  4820 | D:6      | Reached skill level 8 in Unarmed Combat
  4840 | D:7      | Reached * piety under Okawaru
  5585 | D:7      | Found a sacrificial altar of Ru.
  5784 | D:8      | Noticed a hippogriff
  5794 | D:8      | Killed a hippogriff
  5794 | D:8      | Reached XP level 9. HP: 61/87 MP: 7/10
  5828 | D:8      | Found Ciosan's General Store.
  5840 | D:8      | Reached skill level 9 in Unarmed Combat
  6074 | D:8      | Found a flagged portal.
  6099 | D:8      | Reached ** piety under Okawaru
  6099 | D:8      | Reached skill level 5 in Fighting
  6339 | D:8      | Found Nilonas's Book Shoppe.
  6386 | D:8      | Found a white marble altar of Elyvilon.
  6389 | D:8      | Found a hazy altar of Hepliaklqana.
  6683 | D:9      | Reached skill level 5 in Dodging
  6777 | D:9      | Got a pitted dagger
  6889 | D:9      | Found a staircase to the Orcish Mines.
  6999 | D:9      | Found a shadowy altar of Dithmenos.
  7014 | D:9      | Learned a level 5 spell: Blade Hands
  7219 | D:9      | Noticed an elephant
  7225 | D:9      | Reached skill level 10 in Unarmed Combat
  7229 | D:9      | Killed an elephant
  7253 | D:9      | Reached XP level 10. HP: 78/98 MP: 9/12
  7266 | D:9      | Found a staircase to the Lair.
  7692 | Lair:1   | Entered Level 1 of the Lair of Beasts
  7698 | Lair:1   | Reached *** piety under Okawaru
  7704 | Lair:1   | Found a dark tunnel.
  7731 | Lair:1   | Reached skill level 5 in Invocations
  8246 | Lair:1   | Noticed a torpor snail
  8248 | Lair:1   | Noticed a torpor snail
  8253 | Lair:1   | Killed a torpor snail
  8253 | Lair:1   | Reached **** piety under Okawaru
  8295 | Lair:1   | Killed a torpor snail
  8295 | Lair:1   | Reached skill level 11 in Unarmed Combat
  8333 | Lair:1   | Noticed a torpor snail
  8349 | Lair:1   | Killed a torpor snail
  8526 | Lair:1   | Received a gift from Okawaru
  8607 | Lair:1   | Found a snail-covered altar of Cheibriados.
  8926 | Lair:1   | Noticed a seven-headed hydra
  8933 | Lair:1   | Slain by a 12-headed hydra

Skill      XL: |  1  2  3  4  5  6  7  8  9 10 |
---------------+-------------------------------+-----
Fighting       | 1 2 3 4 5 6 |  6.8
Unarmed Combat | 4 5 6 7 8 10 11 | 11.1
Dodging        | 2 3 4 5 6 |  6.5
Invocations    | 3 4 5 |  5.0
Transmutations | 3 |  3.3
Spellcasting   | |  1.2

Action                   |  1- 3 |  4- 6 |  7- 9 | 10-12 || total
-------------------------+-------+-------+-------+-------++-------
Melee: Unarmed           |   103 |   154 |   347 |   135 ||   739
       Kick              |     2 |       |     1 |       ||     3
       Punch             |     1 |     1 |     9 |     6 ||    17
Throw: Large rock        |       |     6 |     9 |     2 ||    17
 Cast: Beastly Appendage |     1 |       |     1 |       ||     2
Invok: Heroism           |       |       |    12 |     9 ||    21
  Use: Scroll            |       |     6 |     8 |     1 ||    15
       Potion            |       |     1 |     4 |     5 ||    10
 Stab: Sleeping          |     1 |       |       |       ||     1
  Eat: Chunk             |    17 |    15 |    40 |    15 ||    87
Armor: Robe              |    37 |    45 |    73 |    31 ||   186
Dodge: Dodged            |    44 |    80 |   129 |    90 ||   343
Block: Other             |       |       |     5 |    11 ||    16
